 Dungeon Crawl Stone Soup version 0.24-a0-106-gcea5463 (webtiles) character file.

Game seed: 16617054286507261809

98 Zoogle the Firebug (level 4, -1/24 HPs)
             Began as a Gargoyle Fire Elementalist on Feb 13, 2019.
             Killed by divine providence
             ... invoked by an orc priest
              (13 damage)
             ... on level 3 of the Dungeon.
             The game lasted 00:07:03 (2378 turns).

Zoogle the Firebug (Gargoyle Fire Elementalist)     Turns: 2378, Time: 00:07:05

Health: -1/24      AC:  5    Str: 12    XL:     4   Next: 69%
Magic:  8/8        EV: 12    Int: 16    God:
Gold:   124        SH:  0    Dex: 10    Spells: 1/9 levels left

rFire    . . .     SeeInvis .   n - +1 hand axe (chop)
rCold    . . .     Gourm    .   (no shield)
rNeg     + . .     Faith    .   a - +0 robe
rPois    ∞         Spirit   .   (no helmet)
rElec    +         Reflect  .   (no cloak)
rCorr    .         Harm     .   (no gloves)
MR       .....                  (no boots)
Stlth    ++........             (no amulet)
HPRegen  0.08/turn              (no ring)
MPRegen  0.11/turn              (no ring)

@: no status effects
A: negative energy resistance 1, electricity resistance, unbreathing,
petrification resistance, rot immunity, AC +3
a: no special abilities


You were on level 3 of the Dungeon.
You were very hungry.

You visited 1 branch of the dungeon, and saw 3 of its levels.

You collected 124 gold pieces.

Inventory:

Hand Weapons
 e - a +0 dagger
 n - a +1 hand axe of chopping (weapon)
Missiles
 g - 85 stones (quivered)
 l - 28 poisoned needles
Armour
 a - a +0 robe (worn)
Jewellery
 m - an uncursed ring of protection from cold {unknown}
Scrolls
 h - 4 scrolls of identify {unknown}
 i - a scroll of teleportation {unknown}
 j - a scroll of noise {unknown}
 k - a scroll of remove curse {unknown}
 o - a scroll of amnesia {unknown}
 q - a scroll of random uselessness {unknown}
Potions
 b - a potion of heal wounds {unknown}
 d - a potion of resistance {unknown}
 f - 2 potions of mutation {unknown}
 p - a potion of flight {unknown}
Comestibles
 c - 6 rations


   Skills:
 + Level 0.7 Fighting
 - Level 1.0 Short Blades
 - Level 1.5 Dodging
 - Level 2.1 Stealth
 + Level 3.0 Spellcasting
 + Level 1.7 Conjurations
 + Level 4.0 Fire Magic


You had one spell level left.
You knew the following spells:

 Your Spells              Type           Power        Failure   Level  Hunger
a - Flame Tongue          Conj/Fire      ##...        5%          1    #......
b - Sticky Flame          Conj/Fire      ##......     50%         4    #####..
c - Conjure Flame         Conj/Fire      ##......     17%         3    ###....

Your spell library contained the following spells:

 Spells                   Type           Power        Failure   Level  Hunger
 Throw Flame              Conj/Fire      ##....       9%          2    ##.....
 Inner Flame              Hex/Fire       #.......     24%         3    ###....
 Fireball                 Conj/Fire      ##........   83%         5    ######.


Dungeon Overview and Level Annotations

Branches:
Dungeon (3/15)

Altars:
Nemelex Xobeh

Annotations:
D:1 exclusion: downstairs


Innate Abilities, Weirdness & Mutations

You are resistant to torment.
Your stone body is resilient. (AC +3)
You are immune to poison.
You resist negative energy. (rN+)
You are resistant to electric shocks. (rElec)
You can survive without breathing.
You are immune to petrification.
You are immune to rotting.


Message History

An orc comes into view. It is wielding a +0 whip.
Found 21 sling bullets.
An orc is nearby!
Memorise Conjure Flame, consuming 3 spell levels and leaving 1?
You start memorising the spell.
You continue memorising. x3
You finish memorising.
Spell assigned to 'c'.
The orc is too close now for your liking.
A hobgoblin, an orc and an orc priest come into view.
The orc shouts!
The hobgoblin shouts!
The orc shouts!
The orc hits you with a +0 whip.
Found a stone staircase leading down.
You barely miss the orc.
The orc hits you from afar with a +0 trident.
The orc closely misses you.
The orc hits you from afar with a +0 trident.
The orc priest begins to cast a cantrip, but forgets the words!
The orc priest invokes the aid of Beogh against you.
Beogh smites you!
Ouch! That really hurt!
You die...

. # #..>.......
>.. #. #........#
#..#.##........#
.#......g#..)..#
.......o.......##
.#.....##o......#
#...## #.o.....#
.... #.......#
#.. ##..@..## ##
##..<## #####


You could see an orc priest, 2 orcs and a hobgoblin.

Vanquished Creatures
  Terence (D:2)
  A gnoll (D:1)
  An adder (D:2)
  2 dart slugs (D:1)
  A leopard gecko (D:2)
  6 bats
  6 giant cockroaches
  4 hobgoblins
  4 jackals (D:1)
  5 kobolds
  A quokka (D:1)
  A ball python (D:1)
  5 frilled lizards
  4 goblins (D:1)
  4 rats
46 creatures vanquished.

Notes
Turn   | Place    | Note
-------+----------+-------------------------------------------
     0 | D:1      | Zoogle the Gargoyle Fire Elementalist began the quest for
                  | the Orb.
     0 | D:1      | Reached XP level 1. HP: 10/10 MP: 3/3
   376 | D:1      | Reached XP level 2. HP: 15/15 MP: 1/5
   662 | D:1      | You fall through a shaft!
   686 | D:1      | Found a sparkling altar of Nemelex Xobeh.
   952 | D:1      | Reached XP level 3. HP: 19/19 MP: 1/6
  1579 | D:2      | Noticed Terence
  1644 | D:2      | Reached skill level 1 in Short Blades
  1644 | D:2      | Reached XP level 4. HP: 20/24 MP: 8/8
  1650 | D:2      | Learned a level 4 spell: Sticky Flame
  2204 | D:2      | Killed Terence
  2204 | D:2      | Reached skill level 4 in Fire Magic
  2370 | D:3      | Learned a level 3 spell: Conjure Flame
  2378 | D:3      | Killed from afar by an orc priest

Levels and vault maps discovered:
D:1:      lightli_arrival_isolated_outpost, layout_basic,
          kennysheep_small_spiral, corexii_item_surrounded_by_moat,
          nemelex_xobeh_ov_fountains_minmay
D:2:      layout_loops_ring, uniq_terence
D:3:      layout_rooms, roderic_lattice_a, minmay_box_of_dots

Skill      XL: |  1  2  3  4 |
---------------+-------------+-----
Short Blades   | 1 |  1.0
Spellcasting   | 3 |  3.0
Fire Magic     | 4 |  4.0
Fighting       | |  0.7
Dodging        | |  1.5
Stealth        | |  2.1
Conjurations   | |  1.7

Action                   |  1- 3 |  4- 6 || total
-------------------------+-------+-------++-------
Melee: Dagger            |    62 |    41 ||   103
       Unarmed           |     4 |       ||     4
       Hand axe          |       |     1 ||     1
 Cast: Flame Tongue      |    49 |     4 ||    53
       Sticky Flame      |       |     1 ||     1
 Stab: Sleeping          |     3 |       ||     3
  Eat: Chunk             |     3 |     1 ||     4
Armor: Robe              |    30 |    20 ||    50
       Skin              |     2 |     2 ||     4
Dodge: Dodged            |    63 |    32 ||    95

Table legend:
 A = Non-vault XP
 B = Vault XP
 C = Vault XP percentage of total XP
 D = Non-vault monster count
 E = Vault monster count
 F = Vault count percentage of total count
                 A         B        C        D         E       F
            +---------+---------+-------+---------+---------+-------
      Total |     102 |      38 |  27.1 |      45 |       1 |   2.2
            +---------+---------+-------+---------+---------+-------
        D:1 |      72 |       0 |   0.0 |      33 |       0 |   0.0
        D:2 |      30 |      38 |  55.9 |      12 |       1 |   7.7
            +---------+---------+-------+---------+---------+-------
